AoeStats
← Kalibra

Arena

507546592Analyzed
1v1 RM · 13d ago on Sep 18, 2026· 39m 20s· 2 players
Game mode
Random Map
Map size
Tiny (2 player)
Population
200
Speed
Normal
Resources
Standard
Victory
Conquest
Starting age
Dark Age
Ending age
Imperial Age
RankedLock teamsTeams togetherTeam positionsShared explorationLock speedFull tech treeHidden civsTurbo modeCheats
Victory
Defeat
🇲🇽 Maya · Mexico
628
+15
🇹🇷 Khmer · Türkiye
617
-15
Kalibra
7:08 Loom
9:15 Feudal Age
11:35 Double-Bit Axe
17:53 Castle Age
16:49 Forging
16:53 Fletching
17:52 Scale Barding Armor
17:52 Padded Archer Armor
19:09 Horse Collar
19:49 Bow Saw
19:34 Stone Mining
24:05 Wheelbarrow
25:01 Iron Casting
24:22 Bodkin Arrow
25:12 Hand Cart
25:38 Chain Barding Armor
25:48 Bloodlines
25:43 Husbandry
26:21 Heavy Plow
32:15 Imperial Age
30:58 Stone Shaft Mining
30:13 Gold Mining
30:42 Leather Archer Armor
32:48 Gold Shaft Mining
33:33 Elite Ballista Elephant
34:14 Double Crossbow
33:53 Cavalier
35:54 Blast Furnace
35:30 Plate Barding Armor
40:04 Ballistics
40:44 Chemistry
Travis Ro
11:54 Feudal Age
15:53 Castle Age
13:49 Horse Collar
14:30 Double-Bit Axe
15:16 Gold Mining
26:07 Heavy Plow
26:20 Bow Saw
27:22 Wheelbarrow
29:12 Hand Cart
33:19 Imperial Age
31:33 Forging
31:24 Scale Mail Armor
30:48 Eagle Warrior
31:36 Squires
33:07 Iron Casting
32:23 Arson
33:26 Chain Mail Armor
34:20 Conscription
34:31 Holcans
33:26 Elite Eagle Warrior
35:12 Blast Furnace
36:57 Plate Mail Armor
Connection lost

Rejoining the realm…

Still unreachable

The connection could not be restored.

Session expired

The server has moved on; the page needs a fresh start.